 Dungeon Crawl Stone Soup version 0.24.0-1-gfbc8707122 (webtiles) character file.

Game seed: 16144422131966708050, levelgen mode: deterministic

138 Arixos the Skirmisher (level 5, -1/42 HPs)
             Began as a Barachi Abyssal Knight on Oct 28, 2019.
             Was a Believer of Lugonu.
             Slain by an ogre
             ... wielding a +0 giant club
              (18 damage)
             ... on level 4 of the Dungeon.
             The game lasted 00:09:42 (2719 turns).

Arixos the Skirmisher (Barachi Abyssal Knight)      Turns: 2719, Time: 00:09:42

Health: -1/42      AC:  6    Str: 14    XL:     5   Next: 21%
Magic:  6/6        EV:  9    Int: 13    God:    Lugonu [**....]
Gold:   72         SH:  4    Dex: 11    Spells: 4/4 levels left

rFire    . . .     SeeInvis .   a - +1 falchion
rCold    . . .     Gourm    .   b - +0 buckler
rNeg     . . .     Faith    .   d - +0 scale mail
rPois    .         Spirit   .   (no helmet)
rElec    .         Reflect  .   (no cloak)
rCorr    .         Harm     .   (no gloves)
MR       .....                  (no boots)
Stlth    ..........             (no amulet)
HPRegen  0.14/turn              (no ring)
MPRegen  0.10/turn              (no ring)

@: can't hop, slow
A: +LOS, swims, slowness 1, strong legs 1
a: Hop, Depart the Abyss, Bend Space, Renounce Religion


You were on level 4 of the Dungeon.
You worshipped Lugonu.
Lugonu was pleased with you.
You were not hungry.

You visited 1 branch of the dungeon, and saw 4 of its levels.
You visited the Abyss 1 time.

You collected 72 gold pieces.

Inventory:

Hand Weapons
 a - a +1 falchion (weapon)
Armour
 b - a +0 buckler (worn)
 d - a +0 scale mail (worn)
Scrolls
 e - 2 scrolls of teleportation
 i - 2 scrolls of enchant weapon {unknown}
 j - 3 scrolls of identify {unknown}
 k - a scroll of remove curse {unknown}
 l - 2 scrolls of immolation {unknown}
 o - a scroll of random uselessness {unknown}
Potions
 f - 3 potions of curing
 g - a potion of lignification {unknown}
 h - a potion of mutation {unknown}
 n - a potion of experience {unknown}
Comestibles
 c - 6 rations
 m - 2 chunks of flesh


   Skills:
 + Level 4.1 Fighting
 * Level 3.9 Long Blades
 + Level 3.2 Armour
 + Level 1.9 Dodging
 * Level 2.0 Shields
 + Level 2.2 Invocations


You had 4 spell levels left.
You didn't know any spells.
Your spell library was empty.

Dungeon Overview and Level Annotations

Branches:
Dungeon (4/15)
 Temple: D:4-7

Altars:
Nemelex Xobeh

Annotations:
D:2 1 runed translucent door, Crazy Yiuf
D:3 Grinder
D:4 Dowan, Duvessa, Menkaure, Pikel


Innate Abilities, Weirdness & Mutations

Shadows flee at your approach. (+LOS)
You can swim through water.
You cover ground slowly.
You can hop short distances.


Message History

The slave hits you. The hound bites you but does no damage.
Pikel zaps a wand.
You resist with some effort.
A worker ant comes into view.
The slave hits you.
A slave comes into view.
The slave shouts!
The worker ant twitches its antennae in your direction.
The hound closely misses you.
You riposte.
You hit the hound.
The hound is moderately wounded.
A slave comes into view.
The hound bites you.
Menkaure points at you and mumbles some strange words.
Pain shoots through your body!
Found a ration.
The ogre closely misses you. You block the hound's attack.
An adder skeleton comes into view.
The hound barely misses you. The hound bites you.
The ogre hits you with a +0 giant club!!
You die...

...#....#####p.# ..#
#..##..##......# #Z.#
##.##....e...a.# ...### #
#..........##pe##.....#..
#........#(.Mo...........
##.#.#...#....Ka.........
####....#....#app.......
#..........##hO.......
###...##.....@......##
####.#..............
#.......>........
.................
#...#...#........
#..##### #.....#. ###
.....# ###.... ....


You could see Pikel, Duvessa, an ogre, 4 slaves, a hound, 3 worker ants, an orc
and an adder skeleton.

Vanquished Creatures
  Natasha (twice) (D:3)
  3 gnolls (D:3)
  An ooze (D:2)
  A worm (D:2)
  2 dart slugs
  3 leopard geckos
  An orc (D:3)
  5 giant cockroaches
  7 hobgoblins
  4 bats
  2 frilled lizards (D:1)
  7 goblins
  6 kobolds
  5 rats
49 creatures vanquished.

Vanquished Creatures (others)
  A worm (D:3)
  A kobold (D:3)
2 creatures vanquished.

Grand Total: 51 creatures vanquished

Notes
Turn   | Place    | Note
-------+----------+-------------------------------------------
     0 | Abyss:1  | Arixos the Barachi Abyssal Knight began the quest for the
                  | Orb.
     0 | Abyss:1  | Reached XP level 1. HP: 18/18 MP: 2/2
     3 | Abyss:1  | Found a corrupted altar of Lugonu.
     5 | D:1      | Escaped the Abyss
   139 | D:1      | Reached XP level 2. HP: 25/25 MP: 3/3
   735 | D:1      | Reached XP level 3. HP: 30/30 MP: 4/4
   849 | D:2      | Reached ** piety under Lugonu
  1191 | D:2      | Found a runed translucent door.
  1192 | D:2      | Noticed Crazy Yiuf
  1796 | D:3      | Noticed Natasha
  1811 | D:3      | Found a sparkling altar of Nemelex Xobeh.
  1814 | D:3      | Reached skill level 1 in Shields
  2159 | D:3      | Reached skill level 4 in Fighting
  2159 | D:3      | Reached XP level 4. HP: 32/37 MP: 5/5
  2327 | D:3      | Killed Natasha
  2390 | D:3      | Noticed Natasha
  2409 | D:3      | Killed Natasha
  2409 | D:3      | Reached XP level 5. HP: 18/42 MP: 6/6
  2661 | D:3      | Noticed Grinder
  2672 | D:3      | Paralysed by Grinder for 3 turns
  2691 | D:4      | Noticed an ogre
  2691 | D:4      | Noticed Duvessa
  2696 | D:4      | Noticed Dowan
  2706 | D:4      | Noticed Menkaure
  2709 | D:4      | Noticed a slave
  2712 | D:4      | Noticed Pikel
  2712 | D:4      | Noticed a slave
  2713 | D:4      | Noticed an ogre
  2715 | D:4      | Noticed a slave
  2715 | D:4      | Noticed a slave
  2719 | D:4      | Slain by an ogre

Levels and vault maps discovered:
D:1:      eino_arrival_tree_alley, layout_basic
D:2:      wad_lake_hut, layout_basic, uniq_crazy_yiuf_cottage
D:3:      layout_basic, nemelex_xobeh_ov_fountains_minmay, fiery_altar_vehumet,
          chequers_ecumenical_altar_simple_redux, uniq_natasha, uniq_grinder,
          uniq_sigmund
D:4:      layout_cave_pools, kennysheep_mini, minmay_temple_entry_fiery,
          uniq_blork_the_orc, uniq_pikel, uniq_menkaure, uniq_duvessa

Skill      XL: |  1  2  3  4  5 |
---------------+----------------+-----
Long Blades    | 3 |  3.9
Shields        | 1 2 |  2.0
Invocations    | 2 |  2.2
Fighting       | 4 |  4.1
Armour         | 3 |  3.2
Dodging        | |  1.9

Action                   |  1- 3 |  4- 6 || total
-------------------------+-------+-------++-------
Melee: Falchion          |   110 |    53 ||   163
Invok: Bend Space        |       |     1 ||     1
 Abil: Hop               |     1 |     1 ||     2
  Use: Potion            |     2 |       ||     2
       Scroll            |     1 |       ||     1
  Eat: Chunk             |     3 |       ||     3
       Ration            |       |     1 ||     1
Armor: Leather armour    |    25 |       ||    25
       Ring mail         |     3 |       ||     3
       Scale mail        |    11 |    32 ||    43
Dodge: Dodged            |    67 |    24 ||    91
Block: Buckler           |     4 |    11 ||    15
       Rpst.: Falchion   |    15 |     6 ||    21
